 Seeded DCSS version 0.29-a0-1009-g60c99734e7 (webtiles) character file.

Game seed: 20220808 (custom seed)

29 purpskrrrp the Sneak (level 3, -2/26 HPs)
             Began as an Octopode Monk on Aug 8, 2022.
             Constricted to death by Ijyb (6 damage)
             ... on level 3 of the Dungeon.
             The game lasted 00:04:08 (1514 turns).

purpskrrrp the Sneak (Octopode Monk)                Turns: 1514, Time: 00:04:09

Health: -2/26      AC:  1    Str: 10    XL:     3   Next: 16%
Magic:  3/3        EV: 11    Int: 12    God:
Gold:   63         SH:  0    Dex: 16    Spells: 2/2 levels left

rFire   . . .      SeeInvis .   e - +5 triple crossbow (freeze)
rCold   . . .      Faith    .   (shield currently unavailable)
rNeg    . . .      Spirit   .   (helmet restricted)
rPois   .          Reflect  .   (no amulet)
rElec   .          Harm     .   (no ring)
rCorr   .          Rampage  .   (no ring)
Will    .....                   (no ring)
Stlth   +++.......              (no ring)
HPRegen 0.08/turn               (no ring)
MPRegen 0.08/turn               (no ring)
                                (no ring)
                                (no ring)

@: grasped by roots, constricted
A: almost no armour, amphibious, 8 rings, camouflage 1, gelatinous body 1,
(nimble swimmer 1), tentacles
a: no special abilities


You were on level 3 of the Dungeon.
You visited 1 branch of the dungeon, and saw 3 of its levels.

You collected 63 gold pieces.

Inventory:

Hand Weapons
 b - a +0 dagger
 d - a +2 whip of venom
 e - a +5 triple crossbow of freezing (weapon)
Jewellery
 j - an amulet of guardian spirit
Scrolls
 f - a scroll of enchant armour {unknown}
 i - a scroll of blinking {unknown}
 n - a scroll of identify {unknown}
 o - a scroll of summoning {unknown}
 p - a scroll of teleportation {unknown}
Potions
 a - a potion of ambrosia
 c - a potion of curing {unknown}
 g - a potion of might {unknown}
 h - 2 potions of attraction {unknown}
 k - a potion of brilliance {unknown}
 l - a potion of mutation {unknown}
 m - a potion of magic {unknown}
 q - a potion of resistance {unknown}


   Skills:
 - Level 3.1 Fighting
 * Level 1.5 Ranged Weapons
 - Level 3.1 Dodging
 - Level 3.3 Stealth
 - Level 3.2 Unarmed Combat


You had 2 spell levels left.
You didn't know any spells.
Your spell library was empty.

Dungeon Overview and Level Annotations

Branches:
Dungeon (3/15)

Altars:

Shops:
D:2 *

Annotations:
D:3 Ijyb


Innate Abilities, Weirdness & Mutations

You cannot wear most types of armour.
You are amphibious.
You can wear up to eight rings at the same time.
Your skin changes colour to match your surroundings (Stealth+).
Your rubbery body absorbs attacks. (AC +1, EV +1)
((You are camouflaged when in or above water. (Stealth+)))
You have tentacles for arms and can constrict up to eight enemies at once.


Message History

Done exploring.
Done exploring.
There is an open door here.
There is a stone staircase leading down here.
You climb downwards.
There is a stone staircase leading up here.
Ijyb the Twisted Goblin comes into view.
She is wielding a +0 dagger and carrying a wand of roots (9).
You shoot a bolt. The bolt hits Ijyb!
The bolt freezes Ijyb.
Ijyb shouts!
Ijyb is heavily wounded.
You hear a bark!
You shoot a bolt. The bolt closely misses Ijyb.
Ijyb zaps a wand.
The roots erupt in riotous growth!
The grasping roots grab you! The grasping roots constrict you. x2
You hear a shout!
You hear a bark! x3
You shoot a bolt. The bolt closely misses Ijyb.
The grasping roots constrict you.
Ijyb screams, "Die!"
Ijyb hits you with a +0 dagger. The grasping roots constrict you.
* * * LOW HITPOINT WARNING * * *
The grasping roots release their grip on you.
You are too injured to fight recklessly!
Fire: e) +5 triple crossbow (freeze)
Press: ? - help, Q - select action Shift-Dir - straight line, f/p - Ijyb
Aim: Ijyb, wielding a +0 dagger, wearing a +0 scale mail and carrying a wand of roots (8) (heavily wounded, 58% to hit)
You shoot a bolt. The bolt hits Ijyb.
The bolt freezes Ijyb.
Ijyb is heavily wounded.
Ijyb barely misses you.
A goblin comes into view. It is wielding a +0 dagger.
Ijyb closely misses you.
Fire: e) +5 triple crossbow (freeze)
Press: ? - help, Q - select action Shift-Dir - straight line, f/p - Ijyb
Aim: Ijyb, wielding a +0 dagger, wearing a +0 scale mail and carrying a wand of roots (8) (heavily wounded, 58% to hit)
You shoot a bolt. The bolt hits Ijyb.
The bolt freezes Ijyb.
Ijyb is severely wounded.
Ijyb zaps a wand.
The roots erupt in riotous growth!
The grasping roots grab you!
Ijyb is unaffected.
The grasping roots constrict you.
You die...

###### #....#
#.##.# #.##.#
#.##.# #.##.#
#.##.#
#@##.##
.g....g.#<..#
........#...#
........#.#.#
........#.#.#
........#.#.#
........#.#.#
........#...#
###.#


You could see Ijyb and a goblin.

Vanquished Creatures
  2 bats (D:1)
  3 endoplasms
  3 giant cockroaches
  2 goblins (D:1)
  A hobgoblin (D:1)
  4 jackals (D:2)
  3 kobolds
  A quokka (D:1)
  2 ball pythons (D:1)
  A frilled lizard (D:2)
  2 rats (D:1)
24 creatures vanquished.

Notes
Turn   | Place    | Note
-------+----------+-------------------------------------------
     0 | D:1      | purpskrrrp the Octopode Monk began the quest for the Orb.
     0 | D:1      | Reached XP level 1. HP: 16/16 MP: 1/1
   152 | D:1      | Reached XP level 2. HP: 21/21 MP: 2/2
   385 | D:1      | Identified a scroll of acquirement
   385 | D:1      | Acquired a +5 triple crossbow of freezing
   774 | D:2      | Found a faded altar of an unknown god.
   849 | D:2      | Reached skill level 1 in Ranged Weapons
  1000 | D:2      | Found Wigg's General Store.
  1012 | D:2      | Reached XP level 3. HP: 15/26 MP: 3/3
  1509 | D:3      | Noticed Ijyb
  1514 | D:3      | Constricted to death by Ijyb

Illustrated notes

Levels and vault maps discovered:
D:1:      sevenhm_arrival_forest_fort_small_4, layout_loops_cross
D:2:      layout_basic, serial_shops, shop, basic_ecumenical_altar
D:3:      wad_river_or_something, layout_basic, uniq_jessica, uniq_sigmund,
          uniq_ijyb, uniq_robin

Skill      XL: |  1  2 |
---------------+-------+-----
Stealth        | 3 |  3.3
Ranged Weapons | 1 |  1.5
Fighting       | |  3.1
Dodging        | |  3.1
Unarmed Combat | |  3.2

Action                   || total
-------------------------++-------
Melee: Unarmed           ||    14
       Constrict         ||     6
       Tentacles         ||     3
       Dagger            ||     4
       Punch             ||     1
 Fire: Triple crossbow   ||    27
  Use: Scroll            ||     1
 Stab: Sleeping          ||     3
Armor: Skin              ||     2
Dodge: Dodged            ||    24

Table legend: (Time is in decaauts)
 A = Elapsed time spent in this place.
 B = Non-inter-level travel time spent in this place.
 C = Inter-level travel time spent in this place.
 D = Time resting spent in this place.
 E = Time spent auto-exploring this place.
 F = Levels seen in this place.
 G = Mean time per level.
                   A        B        C        D        E       F      G
               +--------+--------+--------+--------+--------+-----+--------+
         Total |   1544 |   1484 |     60 |    179 |   1138 |   3 |  514.7 |
       Dungeon |   1544 |   1484 |     60 |    179 |   1138 |   3 |  514.7 |
               +--------+--------+--------+--------+--------+-----+--------+

Top non-repeatable levels by time:
     D:2: 852 daAuts
     D:1: 665 daAuts
     D:3: 26 daAuts
